Map: [ESL] Curious Minds

Players

Ryung - Winner!

  • Race: Terran Terran

TIME (Oliveira)

  • Race: Terran Terran

Event: IEM Katowice 2022

VOD

Have the link to the VOD?

Description

Time

  • Played on: Feb. 24, 2022, 2:15 p.m.
  • Length: 12:08

All games in this series

Show
View Real Time Build Order
Export as new Build Order

Ryung Terran - Winner!

Build Orders:  

Get SALT Encoding   

  12  0:00  SCV  
  13  0:12  SCV  
  14  0:18  Supply Depot  
  14  0:24  SCV  
  15  0:39  SCV  
  15  0:42  Barracks  
  16  0:44  Refinery  
  16  0:52  SCV  
  16  0:53  Refinery  
  17  1:04  SCV  
  18  1:16  SCV  
  19  1:29  Reaper, Orbital Command  
  20  1:33  Supply Depot  
  20  1:42  Factory  
  20  1:55  SCV  
  21  2:01  Reaper  
  21  2:07  SCV  
  23  2:23  SCV  
  23  2:26  Hellion  
  26  2:30  Command Center  
  26  2:34  Barracks Reactor  
  26  2:37  SCV  
  26  2:44  Supply Depot  
  27  2:47  Widow Mine  
  27  2:49  SCV  
  30  3:01  SCV  
  30  3:03  Starport  
  31  3:10  Factory Tech Lab  
  31  3:11  Marine x2  
  33  3:13  SCV  
  34  3:24  Refinery  
  34  3:26  SCV  
  35  3:29  Marine x2  
  37  3:38  SCV, Factory Tech Lab  
  38  3:42  Orbital Command  
  38  3:45  Raven  
  38  3:47  Marine x2  
  42  3:50  SCV  
  43  3:57  Cyclone  
  43  3:59  Supply Depot  
  43  4:02  SCV  
  47  4:08  SCV  
  48  4:14  SCV  
  50  4:24  SCV  
  50  4:26  SCV  
  50  4:27  Raven  
  50  4:29  Siege Tank  
  56  4:36  Command Center  
  56  4:39  SCV x2  
  58  4:47  Supply Depot  
  58  4:51  SCV x2  
  60  4:57  Refinery  
  60  5:03  Supply Depot, SCV x2  
  62  5:09  Siege Tank  
  62  5:10  Supply Depot  
  65  5:17  SCV  
  65  5:18  SCV  
  67  5:22  Barracks x2  
  67  5:26  Stimpack  
  67  5:27  Viking  
  69  5:32  Viking  
  69  5:34  SCV  
  69  5:35  SCV  
  73  5:41  Siege Tank  
  76  5:46  SCV  
  76  5:47  SCV  
  78  5:50  Orbital Command  
  78  5:57  Engineering Bay  
  78  5:58  SCV  
  78  6:01  Engineering Bay  
  78  6:02  Viking  
  81  6:05  Viking  
  81  6:10  Barracks Reactor  
  81  6:11  Barracks Reactor  
  83  6:12  SCV x2  
  83  6:15  Orbital Command  
  85  6:20  Siege Tank  
  88  6:30  Terran Infantry Weapons Level 1, Terran Infantry Armor Level 1  
  88  6:31  SCV x2  
  90  6:37  Viking  
  92  6:40  SCV  
  92  6:43  SCV, Viking  
  92  6:46  Marine  
  97  6:48  SCV  
  97  6:52  Supply Depot, SCV  
  99  6:55  Supply Depot  
  99  6:57  Supply Depot  
  99  6:58  Siege Tank  
  99  7:00  SCV x2  
  95  7:01  Marine x3  
  95  7:02  Marine  
  95  7:04  SCV  
  95  7:08  Viking  
  90  7:13  Viking  
  90  7:16  SCV x3  
  90  7:21  Marine x3  
  90  7:22  Marine x2  
  98  7:28  Combat Shield  
  98  7:31  SCV x3  
  98  7:32  Supply Depot  
  98  7:33  Armory  
  101  7:39  Marine x2  
  101  7:40  Siege Tank  
  101  7:41  Viking  
  101  7:43  Marine x2  
  110  7:51  Marine  
  109  7:57  Marine x2  
  107  8:00  SCV x3  
  107  8:01  Marine x2  
  112  8:08  Marine  
  112  8:12  Viking  
  115  8:13  Viking  
  115  8:19  Marine x2  
  116  8:20  Marine x2  
  116  8:25  Barracks  
  116  8:26  Marine  
  116  8:27  Barracks  
  120  8:29  Siege Tank  
  120  8:32  Refinery  
  120  8:33  Refinery  
  123  8:37  Marine x2  
  123  8:40  SCV x2  
  128  8:53  Marine x3  
  121  9:03  Marine x2, Siege Tank  
  111  9:11  Marine x3  
  111  9:12  Marine  
  111  9:14  Marine  
  98  9:21  Marine x2  
  100  9:29  Marine x3, Medivac x2  
  100  9:30  Marine  
  108  9:32  Marine  
  109  9:39  Marine x2  
  111  9:46  Siege Tank  
  111  9:47  Marine x3  
  111  9:48  Marine  
  111  9:49  Marine  
  119  9:57  Marine x2  
  113  10:00  Medivac  
  113  10:04  Marine x2  
  113  10:05  Marine  
  113  10:06  Marine  
  116  10:07  Marine  
  116  10:08  Command Center  
  114  10:14  Marine x2  
  116  10:22  Marine x3  
  116  10:23  Marine  
  116  10:25  Marine  
  120  10:32  Marine x2  
  121  10:40  Marine x3  
  108  10:43  Marine x2  
  97  10:50  Marine x2  
  97  10:52  Siege Tank  
  102  10:58  Marine x3  
  102  11:01  Marine  
  102  11:02  Marine  
  107  11:08  Marine x2  
  109  11:16  Marine x3  
  112  11:18  Marine  
  112  11:19  Marine  
  112  11:21  Viking  
  112  11:22  Sensor Tower  
  116  11:26  Marine  
  116  11:30  Viking  
  119  11:33  Marine x2  
  119  11:35  Marine  
  119  11:36  Marine x2  
  119  11:37  Marine  
  124  11:43  Marine  
Show
View Real Time Build Order
Export as new Build Order

TIME Terran 

Build Orders:  

Get SALT Encoding   

  12  0:00  SCV  
  13  0:12  SCV  
  14  0:17  Supply Depot  
  14  0:24  SCV  
  15  0:38  SCV  
  15  0:39  Barracks  
  16  0:44  Refinery  
  16  0:51  SCV  
  16  0:54  Refinery  
  17  1:03  SCV  
  18  1:15  SCV  
  19  1:27  Reaper, Orbital Command  
  19  1:28  Supply Depot  
  20  1:41  Factory  
  20  1:52  SCV  
  21  1:59  Reaper  
  22  2:05  SCV  
  23  2:15  Command Center  
  23  2:18  SCV  
  24  2:26  Hellion  
  26  2:30  SCV  
  26  2:32  Barracks Tech Lab  
  26  2:35  Supply Depot  
  27  2:42  SCV  
  28  2:46  Starport  
  28  2:54  SCV  
  29  3:00  Cyclone  
  29  3:01  Barracks Tech Lab  
  32  3:06  SCV  
  33  3:13  Refinery  
  33  3:19  SCV  
  34  3:27  Banshee  
  34  3:28  Orbital Command  
  34  3:31  SCV  
  38  3:36  Cyclone  
  41  3:43  Barracks Reactor, SCV  
  42  3:54  SCV  
  42  3:55  SCV  
  44  4:01  Supply Depot  
  44  4:06  SCV  
  44  4:07  SCV  
  46  4:10  Raven  
  48  4:18  SCV  
  48  4:19  SCV, Command Center  
  48  4:23  Siege Tank  
  53  4:27  Marine  
  53  4:28  Marine  
  53  4:30  Supply Depot  
  55  4:33  SCV  
  55  4:35  SCV  
  57  4:45  SCV  
  58  4:47  SCV  
  59  4:53  Supply Depot  
  59  4:57  Siege Tank  
  59  4:59  Viking x2, Marine  
  67  5:00  SCV x2  
  69  5:08  Stimpack  
  69  5:13  Supply Depot, SCV  
  70  5:15  SCV  
  70  5:18  Marine  
  72  5:25  SCV  
  72  5:27  Barracks  
  72  5:28  Barracks  
  73  5:29  Viking  
  73  5:32  Viking  
  77  5:36  Orbital Command  
  77  5:38  Marine  
  77  5:42  Siege Tank  
  81  5:43  SCV  
  81  5:45  SCV  
  81  5:48  Refinery  
  83  5:54  Supply Depot  
  83  5:56  SCV, Marine  
  85  5:59  SCV, Orbital Command  
  85  6:00  Viking  
  85  6:03  Viking  
  90  6:08  SCV  
  92  6:11  SCV  
  92  6:17  Barracks Reactor x2  
  92  6:19  Marine  
  92  6:24  Supply Depot, Engineering Bay x2  
  92  6:25  SCV, Siege Tank  
  96  6:27  SCV  
  96  6:28  SCV  
  99  6:34  Viking  
  99  6:38  SCV  
  99  6:39  Viking  
  104  6:41  SCV  
  104  6:43  Marine  
  104  6:45  SCV  
  107  6:50  SCV  
  107  6:52  Terran Infantry Weapons Level 1  
  107  6:53  Supply Depot  
  96  7:05  SCV x2, Siege Tank  
  87  7:12  Marine x4  
  87  7:13  Viking x2  
  87  7:15  Marine  
  95  7:18  SCV  
  95  7:21  SCV  
  95  7:22  SCV  
  95  7:24  Terran Infantry Armor Level 1  
  95  7:30  SCV, Marine x2  
  95  7:33  Barracks, SCV, Combat Shield  
  95  7:34  Barracks  
  95  7:36  Marine  
  100  7:41  Marine x2  
  100  7:44  Siege Tank  
  103  7:45  SCV  
  103  7:46  SCV  
  103  7:48  SCV  
  103  7:49  Marine  
  103  7:50  Refinery x2  
  107  7:54  Marine  
  107  7:56  Marine  
  107  7:57  SCV  
  102  7:58  SCV  
  102  7:59  Marine  
  102  8:02  SCV, Marine  
  106  8:07  Marine  
  106  8:09  Viking x2  
  109  8:14  Marine  
  109  8:15  Marine  
  109  8:17  Armory  
  109  8:18  Marine  
  109  8:19  Siege Tank  
  115  8:20  SCV, Marine  
  115  8:21  SCV  
  115  8:23  Barracks Reactor  
  115  8:24  Barracks Reactor  
  118  8:27  Marine  
  118  8:32  Marine x2  
  121  8:34  Supply Depot  
  121  8:35  Sensor Tower  
  121  8:36  Marine  
  121  8:38  Marine  
  123  8:46  Marine  
  124  8:50  Marine  
  124  8:52  Marine  
  124  8:54  Marine  
  121  8:56  Siege Tank  
  121  9:02  Orbital Command  
  107  9:04  Marine  
  107  9:05  Marine  
  67  9:10  Marine x2  
  67  9:15  Marine x2  
  67  9:16  Medivac  
  67  9:17  Medivac  
  67  9:18  SCV, Marine x3  
  67  9:22  Marine x2  
  72  9:28  Marine  
  72  9:30  SCV  
  73  9:32  Marine  
  73  9:33  Marine  
  73  9:35  Marine  
  76  9:39  Marine  
  76  9:42  Marine  
  77  9:48  Marine  
  77  9:50  Marine  
  78  9:54  Marine x2  
  77  10:00  Marine  
  77  10:05  Marine  
  76  10:10  Marine  
  77  10:17  Marine  
  78  10:24  Marine  
  78  10:25  Marine  
  71  10:33  Marine  
  71  10:36  Orbital Command  
  71  10:41  Marine x2  
  68  10:45  Orbital Command  
  68  10:47  Marine  
  65  10:50  Marine  
  65  10:56  Marine, Orbital Command  
  66  11:05  Marine  
  67  11:15  SCV  
  68  11:23  SCV x2  
  70  11:26  Marine  
  71  11:34  Marine x2  
  71  11:36  Marine  
  71  11:39  Marauder  
  76  11:42  Marine x2  
  76  11:47  Marine  
  75  11:51  SCV  

Tags
 
Add a new tag
Caveats
  • Supply blocks, unpowered buildings, or Contaminate may cause inaccurate times.
  • Supply counts are checked every 10 seconds.